 Dungeon Crawl Stone Soup version 0.31-a0-164-g2312942fda (webtiles) character file.

Game seed: 8484865490441271015

48 qw the Shooter (level 3, -7/32 HPs)
             Began as a Naga Hunter on June 13, 2023.
             Mangled by Sigmund
             ... wielding a +0 scythe
              (9 damage)
             ... on level 2 of the Dungeon.
             The game lasted 00:00:24 (740 turns).

qw the Shooter (Naga Hunter)                         Turns: 740, Time: 00:00:25

Health: -7/32      AC:  2    Str: 13    XL:     3   Next: 72%
Magic:  3/3        EV:  9    Int:  9    God:
Gold:   69         SH:  0    Dex: 16    Spells: 2/2 levels left

rFire   . . .        Y - +0 shortbow
rCold   . . .        (shield currently unavailable)
rNeg    . . .        c - +0 leather armour
rPois   +            (no helmet)
rElec   .            (no cloak)
rCorr   .            (no gloves)
SInv    +            (no barding)
Will    .....        (no amulet)
Stlth   +            (no ring)
HPRegen 0.25/turn    (no ring)
MPRegen 0.08/turn

%: no passive effects
@: confused, very slow
A: AC +1, large, see invisible, deformed body, poison resistance, slowness 2,
spit poison 1, naga tail 1
a: Spit Poison


You were on level 2 of the Dungeon.
You visited 1 branch of the dungeon, and saw 2 of its levels.

You collected 69 gold pieces.


Innate Abilities, Weirdness & Mutations

Your serpentine skin is tough. (AC +1)
You have supernaturally acute eyesight. (SInv)
Armour fits poorly on your strangely shaped body.
Your system is resistant to poisons. (rPois)
You cover ground very slowly.
You can spit poison.
You have a snake-like lower body.


   Skills:
 - Level 2.0 Fighting
 + Level 4.8 Ranged Weapons
 - Level 1.5 Dodging
 - Level 1.5 Stealth


You had 2 spell levels left.
You didn't know any spells.
Your spell library was empty.

Inventory:

Hand Weapons
 Y - a +0 shortbow (weapon)
Armour
 c - a +0 leather armour (worn)
Scrolls
 a - a scroll of silence {unknown}
 b - a scroll of torment {unknown}
Potions
 f - a potion of brilliance {unknown}

Dungeon Overview and Level Annotations

Branches:
Dungeon (2/15)

Altars:

Annotations:
D:2 Sigmund


Message History

Press: ? - help, Shift-Dir - straight line, f/p - Sigmund The splash of poison misses Sigmund.
You shoot an arrow. The arrow hits Sigmund.
Sigmund is moderately wounded.
Sigmund gestures at you while chanting. The puff of flame hits you.
722 ||| DRINKING potion of heal wounds.
You feel much better.
Sigmund says, "Now you see me, now you don't..."
Sigmund hits you with a +0 scythe!
You shoot an arrow.
The arrow hits Sigmund but does no damage.
Sigmund is moderately wounded.
You have got your breath back.
Sigmund hits you with a +0 scythe!
724 ||| INVOKING Spit Poison.
Aiming: Spit Poison (2% risk of failure)
Press: ? - help, Shift-Dir - straight line, f/p - Sigmund The splash of poison misses Sigmund.
Sigmund points at you and mumbles some strange words.
You are confused.
Sigmund hits you but does no damage. Sigmund gestures at you while chanting.
You are more confused.
Sigmund gestures at you while chanting.
You are more confused.
Sigmund completely misses you.
You have got your breath back.
Sigmund is no longer unusually resistant.
Sigmund barely misses you. Sigmund barely misses you.
Sigmund casts a spell.
Sigmund flickers and vanishes for a moment.
Sigmund screams, "I am the angel of ZOT!!!"
Sigmund barely misses you. Sigmund hits you with a +0 scythe.
Sigmund hits you with a +0 scythe. Sigmund hits you with a +0 scythe!
Sigmund laughs darkly.
Sigmund hits you with a +0 scythe!
You die...

#.# #.# ##.## #####...##
.........## #. #######
.###....#.## #.##.~~..~
#..###.#.####~~#.#.(.~~..
#......@..#.##~##......~.
#.####.#@#.###~~~~~~~~~~~
#.#.#.####~~~~~~~~..
..#.#...####........
####.###......#.~..~~ #.#
######....#### #.#
####..# #.# ####'### #.#
#....... #.77.77.


You could see Sigmund (invisible).

Vanquished Creatures
  A gnoll (D:2)
  A dart slug (D:1)
  3 endoplasms (D:1)
  A giant cockroach (D:1)
  2 hobgoblins (D:1)
  4 kobolds (D:1)
  2 quokkas (D:1)
  2 ball pythons (D:1)
  7 bats (D:1)
  2 frilled lizards (D:1)
  7 goblins (D:1)
  A rat (D:1)
33 creatures vanquished.

Notes
Turn   | Place    | Note
-------+----------+-------------------------------------------
     0 | D:1      | qw the Naga Hunter began the quest for the Orb.
     0 | D:1      | Reached XP level 1. HP: 19/19 MP: 1/1
     0 | D:1      | 0 ||| qw: Version: 0.2-a-29-gc1b59c4
     0 | D:1      | 0 ||| qw: Game counter: 4601
     0 | D:1      | 0 ||| qw: Always use a shield: true
     0 | D:1      | 0 ||| qw: God list: Okawaru
     0 | D:1      | 0 ||| qw: Allow faded altars: false
     0 | D:1      | 0 ||| qw: Do Orc after D:15 true
     0 | D:1      | 0 ||| qw: Do second Lair branch before Depths: true
     0 | D:1      | 0 ||| qw: Lair rune preference: random
     0 | D:1      | 0 ||| qw: Plans: Normal
     0 | D:1      | 0 ||| PLANNING D:1-11
    36 | D:1      | 36 ||| INVOKING Spit Poison.
    50 | D:1      | 50 ||| INVOKING Spit Poison.
    75 | D:1      | 75 ||| INVOKING Spit Poison.
    79 | D:1      | Reached skill level 4 in Ranged Weapons
    79 | D:1      | Reached XP level 2. HP: 26/26 MP: 2/2
    82 | D:1      | 82 ||| INVOKING Spit Poison.
    85 | D:1      | 85 ||| INVOKING Spit Poison.
    95 | D:1      | 95 ||| INVOKING Spit Poison.
   102 | D:1      | 102 ||| INVOKING Spit Poison.
   112 | D:1      | 112 ||| INVOKING Spit Poison.
   113 | D:1      | 113 ||| INVOKING Spit Poison.
   170 | D:1      | 170 ||| INVOKING Spit Poison.
   179 | D:1      | 179 ||| INVOKING Spit Poison.
   199 | D:1      | 199 ||| INVOKING Spit Poison.
   204 | D:1      | 204 ||| INVOKING Spit Poison.
   207 | D:1      | Reached XP level 3. HP: 32/32 MP: 3/3
   236 | D:1      | 236 ||| INVOKING Spit Poison.
   281 | D:1      | 281 ||| INVOKING Spit Poison.
   326 | D:1      | 326 ||| INVOKING Spit Poison.
   332 | D:1      | 332 ||| INVOKING Spit Poison.
   338 | D:1      | 338 ||| INVOKING Spit Poison.
   342 | D:1      | 342 ||| INVOKING Spit Poison.
   364 | D:1      | 364 ||| INVOKING Spit Poison.
   431 | D:1      | 431 ||| DROPPING amulet of magic regeneration.
   432 | D:1      | 432 ||| READING scroll labelled EVATUKI NELIERCH.
   437 | D:1      | 437 ||| DRINKING 2 orange potions.
   438 | D:1      | 438 ||| DROPPING scroll of butterflies.
   658 | D:2      | 658 ||| INVOKING Spit Poison.
   703 | D:2      | Noticed Sigmund
   704 | D:2      | 704 ||| INVOKING Spit Poison.
   710 | D:2      | 710 ||| INVOKING Spit Poison.
   712 | D:2      | 712 ||| DROPPING +6 ring of intelligence.
   720 | D:2      | 720 ||| INVOKING Spit Poison.
   721 | D:2      | HP: 5/32 [Sigmund/puff of flame (5)]
   722 | D:2      | 722 ||| DRINKING potion of heal wounds.
   724 | D:2      | 724 ||| INVOKING Spit Poison.
   739 | D:2      | HP: 2/32 [Sigmund/+0 scythe (8)]
   740 | D:2      | Mangled by Sigmund

Levels and vault maps discovered:
D:1:      onia_arrival_pyramid, layout_rooms, dk_noncrumbling_4
D:2:      layout_loops_corners, serial_rivers, chequers_serial_rivers_small_3,
          chequers_serial_rivers_room_b, chequers_serial_rivers_micro_c,
          chequers_serial_rivers_large_a, minmay_liquid_box,
          corexii_item_surrounded_by_moat, kennysheep_generic_room_9,
          uniq_sigmund, uniq_robin, uniq_natasha

Skill      XL: |  1 |
---------------+----+-----
Ranged Weapons | 4 |  4.8
Fighting       | |  2.0
Dodging        | |  1.5
Stealth        | |  1.5

Action                     || total
---------------------------++-------
   Fire: Shortbow          ||    59
Ability: Spit Poison       ||    24
    Use: Potion            ||     2
         Scroll            ||     1
 Armour: Leather armour    ||     6
  Dodge: Dodged            ||    16

Table legend:
 A = Non-vault XP
 B = Vault XP
 C = Vault XP percentage of total XP
 D = Non-vault monster count
 E = Vault monster count
 F = Vault count percentage of total count
                 A         B        C        D         E       F
            +---------+---------+-------+---------+---------+-------
      Total |      55 |      14 |  20.3 |      32 |       1 |   3.0
            +---------+---------+-------+---------+---------+-------
        D:1 |      55 |       0 |   0.0 |      32 |       0 |   0.0
        D:2 |       0 |      14 | 100.0 |       0 |       1 | 100.0
            +---------+---------+-------+---------+---------+-------
